 Dungeon Crawl Stone Soup version 0.24.0-37-gcf1ca852f1 (webtiles) character file.

Game seed: 14640325875431895309, levelgen mode: deterministic

724 lilbarb the Basher (level 7, -3/60 HPs)
             Began as a Minotaur Fighter on Nov 22, 2019.
             Was a Follower of Makhleb.
             Killed by nerve-wracking pain
             ... invoked by Menkaure
              (13 damage)
             ... on level 5 of the Dungeon.
             The game lasted 00:18:35 (4464 turns).

lilbarb the Basher (Minotaur Fighter)               Turns: 4464, Time: 00:18:35

Health: -3/60      AC: 12    Str: 22    XL:     7   Next: 43%
Magic:  7/7        EV:  5    Int:  5    God:    Makhleb [*.....]
Gold:   201        SH:  9    Dex: 10    Spells: 6/6 levels left

rFire    . . .     SeeInvis .   a - +1 whip (flame)
rCold    . . .     Gourm    .   c - +0 shield
rNeg     . . .     Faith    .   x - +0 chain mail
rPois    .         Spirit   .   (helmet restricted)
rElec    .         Reflect  .   u - +0 cloak
rCorr    .         Harm     .   w - +1 pair of gloves
MR       .....                  (no boots)
Stlth    ..........             (no amulet)
HPRegen  0.20/turn              (no ring)
MPRegen  0.10/turn              (no ring)

@: no status effects
A: retaliatory headbutt, horns 2
a: Renounce Religion


You were on level 5 of the Dungeon.
You worshipped Makhleb.
Makhleb was aware of your devotion.
You were not hungry.

You visited 1 branch of the dungeon, and saw 5 of its levels.

You collected 201 gold pieces.

Inventory:

Hand Weapons
 a - a +1 whip of flaming (weapon)
 b - a +0 hunting sling
 j - a +0 flail
Missiles
 k - 100 stones
 m - 2 boomerangs
 n - 49 sling bullets
 p - 13 javelins (quivered)
Armour
 c - a +0 shield (worn)
 u - a +0 cloak (worn)
 w - a +1 pair of gloves (worn)
 x - a +0 chain mail (worn)
Jewellery
 q - a cursed ring of attention {unknown}
Wands
 v - a wand of iceblast (4)
Scrolls
 g - a scroll of amnesia
 i - 2 scrolls of identify
 o - a scroll of enchant weapon {unknown}
 r - a scroll of fog
Potions
 d - a potion of might
 e - 2 potions of brilliance
 h - 3 potions of curing
 l - 2 potions of mutation
 s - 3 potions of heal wounds
 t - 2 potions of cancellation
Comestibles
 f - 7 rations


   Skills:
 - Level 4.4 Fighting
 * Level 9.1 Maces & Flails
 - Level 3.6 Armour
 - Level 3.6 Shields
 * Level 2.5 Evocations


You had 6 spell levels left.
You didn't know any spells.
Your spell library was empty.

Dungeon Overview and Level Annotations

Branches:
Dungeon (5/15)
 Temple: D:4-7

Altars:
Ashenzari
Dithmenos
Makhleb
Nemelex Xobeh
Sif Muna
Yredelemnul

Annotations:
D:5 Menkaure


Innate Abilities, Weirdness & Mutations

You reflexively headbutt those who attack you in melee.
You have a pair of horns on your head.


Message History

The mass of ice explodes!
The iceblast engulfs the ogre!
You kill the ogre!
Makhleb accepts your kill.
Your Maces & Flails skill increases to level 9!
The iceblast engulfs Menkaure!
Menkaure partially resists.
Menkaure is heavily damaged.
Unknown command.
Evoke which item? (* to show all) (? for menu, Esc to quit)
Aiming: Iceblast
Press: ? - help, Shift-Dir - straight line, f - Menkaure
Aim: Menkaure (heavily damaged, fast)
The mass of ice explodes!
The iceblast engulfs Menkaure!
Menkaure partially resists.
Menkaure is severely damaged.
The iceblast engulfs the frilled lizard!!
You kill the frilled lizard!
Makhleb accepts your kill.
Menkaure points at you and mumbles some strange words.
Pain shoots through your body!
You die...

#. ..##.##.##..###..#
...#.##..##.##.##.##..###..#
..........##.##.............##
.................##............
.........#.#...#.##..#..###.###
###.........#.....##).#..# ###
.....................(...#
......<..#.#..#.>#.#.#..#.##
#............@)M...........
##.#..#.#.#.†##†#.#.#..#.##
#.......###.....#.#.#..#.#
##.##.### #..##l#.#M#..#.#
###.##.#####..##.#.#.#.....
...........................#
.###...........##.#.#.##.....
.........................###
####.#.#.###..##.........#


You could see Menkaure.

Vanquished Creatures
  2 ogres
  A phantom (D:5)
  A centaur (D:5)
  A hound (D:3)
  An orc wizard (D:4)
  An orc priest (D:3)
  A centaur skeleton (D:5)
  A jelly (D:5)
  Ijyb (D:4)
  3 worker ants (D:4)
  A hound skeleton (D:4)
  4 adders
  A river rat (D:3)
  A worm (D:2)
  A dart slug (D:3)
  7 leopard geckos
  10 orcs
  5 bats
  A giant cockroach (D:4)
  4 goblins
  8 hobgoblins
  6 jackals
  A quokka (D:2)
  A ball python (D:1)
  5 frilled lizards
  17 kobolds
  A quokka skeleton (D:4)
  8 rats
95 creatures vanquished.

Notes
Turn   | Place    | Note
-------+----------+-------------------------------------------
     0 | D:1      | lilbarb the Minotaur Fighter began the quest for the Orb.
     0 | D:1      | Reached XP level 1. HP: 19/19 MP: 0/0
   267 | D:1      | Reached skill level 3 in Maces & Flails
   284 | D:1      | Reached XP level 2. HP: 24/27 MP: 1/1
  1086 | D:2      | Reached XP level 3. HP: 33/33 MP: 2/2
  1129 | D:2      | Reached skill level 4 in Maces & Flails
  1342 | D:2      | Found a faded altar of an unknown god.
  1881 | D:3      | Reached XP level 4. HP: 39/41 MP: 3/3
  2003 | D:3      | Found a shimmering blue altar of Sif Muna.
  2003 | D:3      | Found a basalt altar of Yredelemnul.
  2004 | D:3      | Found a burning altar of Makhleb.
  2006 | D:3      | Found a shadowy altar of Dithmenos.
  2007 | D:3      | Found a sparkling altar of Nemelex Xobeh.
  2012 | D:3      | Became a worshipper of Makhleb the Destroyer
  2061 | D:3      | Reached skill level 5 in Maces & Flails
  2304 | D:3      | Reached skill level 6 in Maces & Flails
  2304 | D:3      | Reached XP level 5. HP: 47/47 MP: 4/4
  2346 | D:3      | Found a shattered altar of Ashenzari.
  3300 | D:4      | Reached skill level 7 in Maces & Flails
  3417 | D:4      | Noticed an ogre
  3430 | D:4      | Killed an ogre
  3430 | D:4      | Reached XP level 6. HP: 41/53 MP: 5/5
  3666 | D:4      | Reached * piety under Makhleb
  3837 | D:4      | Reached skill level 8 in Maces & Flails
  3838 | D:4      | Noticed Ijyb
  3860 | D:4      | Killed Ijyb
  4119 | D:5      | Entered Level 5 of the Dungeon
  4282 | D:5      | Reached skill level 1 in Evocations
  4282 | D:5      | Reached XP level 7. HP: 45/60 MP: 5/7
  4432 | D:5      | Noticed Menkaure
  4463 | D:5      | Reached skill level 9 in Maces & Flails
  4464 | D:5      | Killed from afar by Menkaure

Levels and vault maps discovered:
D:1:      dpeg_arrival_line_fractal, layout_basic, kennysheep_another_room
D:2:      layout_loops_ring, chequers_ecumenical_altar_island
D:3:      layout_loops_ring, grunt_temple_overflow_open, gup_sewer_entry_spiral,
          first_ration, evilmike_ruin_ashenzari
D:4:      layout_gridville, uniq_ijyb
D:5:      layout_basic, old_standard_altar, lemuel_crystal_altar,
          hangedman_abyss_or_decor_passed, minmay_misc_feat_pillars,
          st_stairs_3, uniq_prince_ribbit1, uniq_menkaure

Skill      XL: |  1  2  3  4  5  6  7 |
---------------+----------------------+-----
Maces & Flails | 3 4 6 7 8 9 |  9.1
Fighting       | 4 |  4.4
Evocations     | 1 2 |  2.5
Armour         | |  3.6
Shields        | |  3.6

Action                   |  1- 3 |  4- 6 |  7- 9 || total
-------------------------+-------+-------+-------++-------
Melee: Flail             |    16 |       |       ||    16
       Whip              |    85 |   165 |    12 ||   262
       Headbutt          |    20 |    36 |     2 ||    58
 Fire: Hunting sling     |     9 |    28 |    16 ||    53
Throw: Stone             |    34 |     6 |       ||    40
       Javelin           |       |     2 |     1 ||     3
Evoke: Wand              |       |       |     2 ||     2
  Use: Scroll            |     6 |     4 |       ||    10
  Eat: Chunk             |     3 |     8 |       ||    11
Armor: Scale mail        |    30 |    24 |       ||    54
       Chain mail        |       |     3 |     2 ||     5
Dodge: Dodged            |    21 |    27 |     1 ||    49
Block: Shield            |    31 |    55 |     5 ||    91
